 Dungeon Crawl Stone Soup version 0.16.0-17-g811c1d7 (webtiles) character file.

59557 kae the Black Belt (level 14, -5/126 (130) HPs)
             Began as a Purple Draconian Transmuter on Mar 22, 2015.
             Was the Champion of Qazlal.
             Slain by a black mamba (14 damage)
             ... on level 8 of the Lair of Beasts.
             The game lasted 00:50:01 (25502 turns).

kae the Black Belt (Purple Draconian Transmuter)   Turns: 25502, Time: 00:50:01

HP:   -5/126 (130)  AC: 10    Str: 13    XL:     14   Next: 53%
MP:   15/21         EV: 18    Int: 14    God:    Qazlal [******]
Gold: 1195          SH:  8    Dex: 16    Spells: 4 memorised, 6 levels left

rFire  . . .     SeeInvis .       - Unarmed
rCold  . . .     Clarity  .     (armour unavailable)
rNeg   . . .     SustAb   .     (no shield)
rPois  .         Gourm    .     V - +0 hat
rElec  .         Spirit   .     (no cloak)
rCorr  .         Warding  .     (no gloves)
rMut   +         Stasis   .     m - +1 pair of boots
MR     +++..                    i - amulet of resist mutation
Stlth  +.........               M - ring of wizardry
                                G - ring of protection from magic

@: lethally poisoned (-5 -> -10), appendage, very slightly contaminated, repel
missiles, extremely resistant to hostile enchantments, very unstealthy
A: breathe power, unfitting armour, horns 2, cold-blooded, AC +8
a: Breathe Dispelling Energy, End Transformation, Upheaval, Elemental Force,
Disaster Area, Renounce Religion


You were on level 8 of the Lair of Beasts.
You worshipped Qazlal.
Qazlal was exalted by your worship.
You were not hungry.
You had grown temporary horns.
You visited 3 branches of the dungeon, and saw 20 of its levels.

You collected 1255 gold pieces.
You spent 60 gold pieces at shops.

Inventory:

Missiles
 b - 397 arrows
 e - 12 arrows of frost
 D - 16 arrows of flame
Armour
 m - a +1 pair of boots (worn)
 V - a +0 hat (worn)
Jewellery
 i - an amulet of resist mutation (around neck)
 x - an uncursed ring of stealth
 B - an uncursed ring of fire
 F - an uncursed amulet of resist corrosion
 G - a ring of protection from magic (left hand)
 M - a ring of wizardry (right hand)
Magical devices
 f - a wand of teleportation (6)
 w - a wand of flame (13)
 A - a wand of digging (11)
 E - a wand of fireball (6)
 S - a wand of confusion (27)
 T - a wand of invisibility (3)
 U - a wand of cold (8)
Scrolls
 c - 2 scrolls of teleportation
 g - a scroll of magic mapping
 l - 7 scrolls of amnesia
 r - 11 scrolls of identify
 t - 8 scrolls of remove curse
 v - a scroll of silence
 y - 2 scrolls of recharging
 K - 6 scrolls of enchant armour
 P - a scroll of fog
Potions
 j - 2 potions of might
 k - a potion of berserk rage
 n - 4 potions of magic
 o - 7 potions of curing
 p - a potion of mutation
 q - a potion of cure mutation
 s - a potion of flight
 z - 2 potions of haste
 C - 7 potions of cancellation
 H - a potion of brilliance
 J - a potion of agility
 L - 2 potions of restore abilities
 Q - a potion of invisibility
 W - a potion of resistance
Books
 d - a book of Changes

   Spells                             Type                      Level
   a - Beastly Appendage              Transmutation                1
   b - Sticks to Snakes               Transmutation                2
   c - Spider Form                    Transmutation/Poison         3
   d - Ice Form                       Ice/Transmutation            4
   e - Blade Hands                    Transmutation                5
 u - a book of the Earth

   Spells                             Type                      Level
   a - Leda's Liquefaction            Hexes/Earth                  4
   b - Bolt of Magma                  Conjuration/Fire/Earth       5
   c - Statue Form                    Transmutation/Earth          6
   d - Iron Shot                      Conjuration/Earth            6
   e - Shatter                        Earth                        9
 I - a book of Envenomations

   Spells                             Type                      Level
   a - Spider Form                    Transmutation/Poison         3
   b - Alistair's Intoxication        Transmutation/Poison         4
   c - Olgreb's Toxic Radiance        Poison                       4
   d - Poisonous Cloud                Conjuration/Poison/Air       6
 Z - a book of Power

   Spells                             Type                      Level
   a - Fulminant Prism                Conjuration/Hexes            4
   b - Iskenderun's Mystic Blast      Conjuration                  4
   c - Venom Bolt                     Conjuration/Poison           5
   d - Bolt of Magma                  Conjuration/Fire/Earth       5
   e - Iron Shot                      Conjuration/Earth            6
   f - Orb of Destruction             Conjuration                  7
   g - Spellforged Servitor           Conjuration/Summoning        7
Miscellaneous
 N - a fan of gales
 X - a crystal ball of energy
Comestibles
 a - 8 bread rations
 h - 4 meat rations
 O - a royal jelly
 R - 5 fruits
 Y - 7 chunks of flesh


   Skills:
 * Level 13.7 Fighting
 + Level 8.6 Dodging
 - Level 16.3 Unarmed Combat
 - Level 2.4 Spellcasting
 - Level 12.1 Transmutations


You had 6 spell levels left.
You knew the following spells:

 Your Spells              Type           Power        Failure   Level  Hunger
a - Beastly Appendage     Trmt           #####.       1%          1    #......
b - Sticks to Snakes      Trmt           #####.....   1%          2    ###....
c - Spider Form           Trmt/Pois      ###.......   3%          3    ###....
d - Blade Hands           Trmt           #####.....   2%          5    ######.


Dungeon Overview and Level Annotations

Branches:
Dungeon (11/15)            Temple (1/1) D:7            Lair (8/8) D:11
 Shoals (0/5) Lair:5        Snake (0/5) Lair:3        Slime (0/6) Lair:6
    Orc (0/4) D:10

Altars:
Ashenzari
Cheibriados
Dithmenos
Elyvilon
Fedhas
Gozag
Kikubaaqudgha
Makhleb
Nemelex Xobeh
Okawaru
Qazlal
Ru
Sif Muna
Trog
Vehumet
Xom
Yredelemnul
Zin
The Shining One

Shops:
D:5 *   D:7 *   D:8 [


Innate Abilities, Weirdness & Mutations

You can breathe bolts of energy.
You can dispel enchantments when you breathe energy.
Your rich purple scales are hard (AC +8).
Your body does not fit into most forms of armour.
Your cold-blooded metabolism reacts poorly to cold.
You have a pair of horns on your head.


Message History

You hit the black mamba but do no damage.
Your tail-slap misses the black mamba.
The black mamba is heavily wounded.
You feel sick. You block the black mamba's attack.
The wolf completely misses you.
You punch the black mamba!
You tail-slap the black mamba, but do no damage.
The black mamba is almost dead.
You feel sick. You block the black mamba's attack. The wolf closely misses you.
You punch the wolf!!
You kill the wolf!
Qazlal accepts your kill.
You feel sick. The black mamba bites you!!
* * * LOW HITPOINT WARNING * * *
A spiny frog comes into view.
You closely miss the black mamba.
The black mamba is almost dead.
The spiny frog gives a loud, deep croak!
The black mamba barely misses you. The black mamba bites you!
You die...

... ........# ........#.#
.............
...............
.................
........$......∩..
..P.....S.§........
....#..§§@§.........
........§§†§...........
........†§†.†...........#
........................#
.......................#
...F..#.#..............#
.....#.#.#.............#
...#.#.#.#"...........#
...#...#.............#


You could see a black mamba and a spiny frog.

Vanquished Creatures
  Rupert (Lair:3)
  Gastronok (Lair:2)
  Fannar (D:10)
  Harold (Lair:2)
  5 hydras
  Erica (Lair:2)
  A catoblepas (Lair:6)
  Erolcha (D:11)
  An unseen horror (D:10)
  22 elephants
  3 griffons
  A cyclops (D:11)
  An ugly thing (D:11)
  9 black mambas
  A centaur zombie (D:11)
  20 spiny frogs
  A siren (Lair:5)
  A naga mage (Lair:3)
  2 komodo dragons (Lair:3)
  A troll (D:11)
  3 polar bears
  4 fire drakes
  Grinder (D:3)
  3 two-headed ogres
  36 blink frogs
  A deep elf mage (D:11)
  A wraith (D:10)
  22 yaks
  A wyvern (Lair:8)
  7 basilisks
  13 wolves
  13 hippogriffs
  A hungry ghost (D:8)
  22 water moccasins
  The ghost of Zugr the Sneak, an average KoEn (D:3)
  4 necrophages
  4 black bears
  16 porcupines
  3 spiders (Lair:8)
  3 orc warriors
  A sky beast (D:11)
  5 ice beasts
  3 boring beetles
  2 phantoms
  8 crocodiles
  6 centaurs
  4 wasps
  4 big kobolds
  17 giant frogs
  4 ogres
  A wyvern zombie (D:8)
  2 jellies
  4 scorpions
  12 wights
  A crimson imp (D:9)
  An electric eel (D:10)
  14 hounds
  9 orc priests
  7 iguanas
  19 orc wizards
  A giant frog skeleton (D:10)
  Natasha (twice) (D:3)
  8 worker ants
  7 sheep (Lair:2)
  3 hound zombies
  2 worker ant zombies
  A hound skeleton (D:6)
  32 adders
  54 river rats
  4 gnolls (D:9)
  2 giant mites
  3 shadow imps
  3 white imps (D:10)
  A worker ant simulacrum (D:10)
  2 worms
  An adder skeleton (D:8)
  8 giant geckos
  49 orcs
  12 bats
  2 bat skeletons
  5 giant cockroaches
  16 hobgoblins
  15 quokkas
  A ball python (D:5)
  A giant cockroach zombie (D:6)
  A giant gecko zombie (D:6)
  4 giant newts
  A giant spore (D:9)
  11 goblins
  12 jackals
  2 jackal skeletons
  26 kobolds
  6 rats
  2 ballistomycetes (D:9)
  3 bushes
  78 fungi
  51 plants
790 creatures vanquished.

Vanquished Creatures (others)
  5 fungi
  4 plants
9 creatures vanquished.

Grand Total: 799 creatures vanquished

Notes
Turn   | Place    | Note
--------------------------------------------------------------
     0 | D:1      | kae, the Draconian Transmuter, began the quest for the Orb.
     0 | D:1      | Reached XP level 1. HP: 16/16 MP: 3/3
   379 | D:2      | Reached XP level 2. HP: 15/23 MP: 2/4
   746 | D:2      | Reached XP level 3. HP: 28/28 MP: 4/6
   931 | D:2      | Reached skill level 4 in Unarmed Combat
  1192 | D:2      | Found a sacrificial altar of Ru.
  1486 | D:3      | Noticed Grinder
  1513 | D:3      | Noticed Zugr's ghost (average KoEn)
  1535 | D:3      | Reached XP level 4. HP: 23/35 MP: 7/7
  1537 | D:3      | Killed Zugr's ghost
  1537 | D:3      | Reached skill level 5 in Unarmed Combat
  1537 | D:3      | Reached XP level 5. HP: 38/40 MP: 9/9
  1659 | D:3      | Noticed Natasha
  1668 | D:3      | Killed Natasha
  2011 | D:3      | Killed Grinder
  2011 | D:3      | Reached skill level 6 in Unarmed Combat
  2011 | D:3      | Reached XP level 6. HP: 47/47 MP: 10/10
  2012 | D:3      | Noticed Natasha
  2022 | D:3      | Killed Natasha
  2401 | D:3      | Found an ancient bone altar of Kikubaaqudgha.
  2728 | D:4      | Your scales start taking on a rich purple colour.
  2728 | D:4      | Reached XP level 7. HP: 44/52 MP: 12/12
  2831 | D:4      | Reached skill level 5 in Transmutations
  2848 | D:4      | Reached skill level 7 in Unarmed Combat
  3672 | D:5      | Entered Level 5 of the Dungeon
  3725 | D:5      | Found Shay's Elemental Accessories.
  3930 | D:5      | Reached skill level 8 in Unarmed Combat
  3941 | D:5      | Reached XP level 8. HP: 35/59 MP: 14/14
  4854 | D:6      | Learned a level 2 spell: Sticks to Snakes
  4858 | D:6      | Learned a level 3 spell: Spider Form
  4864 | D:6      | Learned a level 5 spell: Blade Hands
  4967 | D:6      | Reached skill level 9 in Unarmed Combat
  5147 | D:7      | Found a staircase to the Ecumenical Temple.
  5154 | Temple   | Entered the Ecumenical Temple
  5298 | Temple   | Became a worshipper of Qazlal Stormbringer
  5474 | D:7      | Found Uleutsaq's Assorted Antiques.
  5556 | D:7      | Bought a scroll labeled GHEKLO NETAOM for 21 gold pieces
  5556 | D:7      | Bought a scroll labeled NIODOINAED for 21 gold pieces
  5556 | D:7      | Bought a sapphire potion for 18 gold pieces
  5788 | D:7      | Reached skill level 10 in Unarmed Combat
  5788 | D:7      | Reached XP level 9. HP: 39/64 MP: 11/15
  6571 | D:8      | Found Zarawere's Armour Boutique.
  6746 | D:8      | Acquired Qazlal's first power
  7212 | D:9      | Reached skill level 11 in Unarmed Combat
  7888 | D:9      | Reached XP level 10. HP: 71/71 MP: 17/17
  8041 | D:9      | Acquired Qazlal's second power
  8127 | D:9      | Found a glowing silver altar of Zin.
  8169 | D:9      | Reached skill level 12 in Unarmed Combat
  8468 | D:10     | Entered Level 10 of the Dungeon
  9520 | D:10     | Noticed Fannar
  9540 | D:10     | Killed Fannar
  9540 | D:10     | Acquired Qazlal's third power
  9540 | D:10     | Reached skill level 13 in Unarmed Combat
 10033 | D:10     | Found a staircase to the Orcish Mines.
 10071 | D:10     | Killed an unseen horror
 10071 | D:10     | Reached skill level 10 in Transmutations
 10590 | D:11     | Reached XP level 11. HP: 70/77 MP: 18/18
 10854 | D:11     | Noticed Erolcha
 10871 | D:11     | Killed Erolcha
 10871 | D:11     | Reached skill level 14 in Unarmed Combat
 10911 | D:11     | Noticed a cyclops
 11257 | D:11     | Killed a cyclops
 11257 | D:11     | Acquired Qazlal's fourth power
 11785 | D:11     | Found a staircase to the Lair.
 11824 | D:11     | Noticed a cyan ugly thing
 11832 | D:11     | Killed a cyan ugly thing
 12391 | Lair:1   | Entered Level 1 of the Lair of Beasts
 12730 | Lair:1   | Reached skill level 15 in Unarmed Combat
 12742 | Lair:1   | Noticed a six-headed hydra
 13215 | Lair:1   | Killed a six-headed hydra
 13458 | Lair:2   | Noticed Erica
 13469 | Lair:2   | Killed Erica
 13489 | Lair:2   | Noticed Gastronok
 13503 | Lair:2   | HP: 1/77 [Gastronok/the air (26)]
 13823 | Lair:2   | Noticed Harold
 13885 | Lair:1   | Reached XP level 12. HP: 31/83 MP: 19/19
 14274 | Lair:2   | Killed Harold
 14539 | Lair:2   | Killed Gastronok
 14539 | Lair:2   | Reached skill level 16 in Unarmed Combat
 15195 | Lair:3   | Found a burning altar of Makhleb.
 15723 | Lair:3   | Found a staircase to the Snake Pit.
 15859 | Lair:3   | Noticed Rupert
 16402 | Lair:3   | Noticed a four-headed hydra
 16406 | Lair:3   | Killed a six-headed hydra
 16406 | Lair:3   | Reached skill level 5 in Fighting
 17087 | Lair:3   | Killed Rupert
 17087 | Lair:3   | Reached XP level 13. HP: 10/100 MP: 15/20
 18215 | Lair:4   | Reached skill level 5 in Dodging
 18489 | Lair:4   | Acquired Qazlal's fifth power
 19866 | Lair:5   | Reached skill level 10 in Fighting
 20216 | Lair:5   | Found a staircase to the Shoals.
 22700 | Lair:6   | Found a staircase to the Slime Pits.
 22846 | Lair:7   | Reached XP level 14. HP: 86/121 MP: 16/21
 23931 | Lair:8   | Entered Level 8 of the Lair of Beasts
 25502 | Lair:8   | Slain by a black mamba

Action                   |  1- 3 |  4- 6 |  7- 9 | 10-12 | 13-15 || total
-------------------------+-------+-------+-------+-------+-------++-------
Melee: Unarmed           |   103 |    63 |   419 |   575 |   581 ||  1741
 Cast: Beastly Appendage |    13 |     6 |    32 |    38 |    32 ||   121
       Spider Form       |       |       |     4 |     8 |     3 ||    15
       Blade Hands       |       |       |       |    12 |    19 ||    31
Invok: Upheaval          |       |       |       |     6 |       ||     6
 Abil: Evoke Berserk Rag |       |     1 |       |       |       ||     1
       Breathe Dispellin |       |       |     3 |     3 |       ||     6
       End Transformatio |       |       |     1 |       |       ||     1
Evoke: Wand              |       |       |       |     9 |       ||     9
  Use: Scroll            |     5 |     1 |    15 |    10 |     4 ||    35
       Potion            |     2 |     1 |     1 |    10 |     4 ||    18
 Stab: Distracted        |     1 |       |       |       |       ||     1
       Sleeping          |       |       |     5 |       |       ||     5
       Petrifying        |       |       |       |       |     1 ||     1
       Petrified         |       |       |       |       |     1 ||     1
  Eat: Chunk             |     2 |     6 |    16 |    25 |    31 ||    80
       Beef jerky        |       |       |     1 |       |     1 ||     2
       Pizza             |       |       |       |     3 |     1 ||     4
       Fruit             |       |       |       |     1 |     2 ||     3
       Meat ration       |       |       |       |     1 |       ||     1
